 Dungeon Crawl Stone Soup version 0.28.0 (webtiles) character file.

Game seed: 2196782461178569619

2600 RaderH2O the Spear-Bearer (level 9, -7/121 HPs)
             Began as a Minotaur Berserker on Feb 15, 2022.
             Was a Priest of Trog.
             Mangled by a hornet (13 damage)
             ... while paralysed by a hornet
             ... on level 7 of the Dungeon.
             The game lasted 00:25:04 (11379 turns).

RaderH2O the Spear-Bearer (Minotaur Berserker)     Turns: 11379, Time: 00:25:13

Health: -7/121     AC:  6    Str: 26    XL:     9   Next: 33%
Magic:  8/8        EV:  2    Int:  4    God:    Trog [***...]
Gold:   348        SH:  0    Dex: 10    Spells: 8/8 levels left

rFire   . . .      SeeInvis .   x - +0 great sword
rCold   . . .      Faith    .   (shield currently unavailable)
rNeg    . . .      Spirit   .   d - +0 ring mail
rPois   .          Reflect  .   (helmet restricted)
rElec   .          Harm     .   j - scarf {+Inv}
rCorr   .          Rampage  .   (no gloves)
Will    .....                   (no boots)
Stlth   ..........              (no amulet)
HPRegen 0.30/turn               (no ring)
MPRegen 0.11/turn               (no ring)

@: paralysed, berserking (expiring), lethally poisoned (-7 -> -16), slowed
A: horns 2, retaliatory headbutt
a: Renounce Religion, Evoke Invisibility, Berserk, Trog's Hand


You were on level 7 of the Dungeon.
You worshipped Trog.
Trog was most pleased with you.
You visited 1 branch of the dungeon, and saw 7 of its levels.

You collected 348 gold pieces.

Inventory:

Hand Weapons
 a - a +1 spear
 x - a +0 great sword (weapon)
Missiles
 f - 5 poisoned darts
Armour
 b - a +0 animal skin
 d - a +0 ring mail (worn)
 j - a scarf of invisibility (worn)
Jewellery
 g - an amulet of regeneration
 q - an amulet of the acrobat
 u - an amulet of faith
Wands
 k - a wand of flame (6)
 o - a wand of polymorph (5)
 s - a wand of mindburst (5)
 v - a wand of digging (3)
Scrolls
 m - 2 scrolls of fear
 p - a scroll of noise
 r - a scroll of blinking
 t - 2 scrolls of fog
 w - a scroll of magic mapping
Potions
 c - a potion of cancellation
 e - 4 potions of curing
 h - a potion of degeneration {unknown}
 i - 4 potions of berserk rage
 l - a potion of haste {unknown}
 n - a potion of ambrosia {unknown}
 z - a potion of might {unknown}


   Skills:
 + Level 8.0 Fighting
 + Level 3.7 Long Blades
 + Level 8.8 Polearms
 + Level 8.0 Armour
 + Level 4.7 Dodging
 + Level 2.2 Stealth
 + Level 1.2 Unarmed Combat
 + Level 1.4 Evocations


You had 8 spell levels left.
You didn't know any spells.
Your spell library was empty.

Dungeon Overview and Level Annotations

Branches:
Dungeon (7/15)             Temple (0/1) D:5

Altars:
Elyvilon
Qazlal
Ru
Sif Muna
Trog
Uskayaw
Zin

Shops:
D:3 *

Annotations:
D:4 1 transporter, happy's ghost, novice BaNe


Innate Abilities, Weirdness & Mutations

You have a pair of horns on your head.
You reflexively headbutt those who attack you in melee.


Message History

You feel sick. The orc misses you. The hornet misses you.
The orc hits you from afar with a +0 trident.
You barely miss the hornet.
You feel sick.
You are no longer poisoned.
The hornet closely misses you. The orc hits you but does no damage.
The hornet closely misses you.
You slice the hornet!!
The hornet is heavily wounded.
The hornet stings you.
You are poisoned.
You feel yourself slow down.
The orc hits you from afar with a +0 trident.
You completely miss the hornet.
The hornet is heavily wounded.
You feel yourself speed up.
You feel very sick. The hornet closely misses you. The hornet stings you!
You are more poisoned.
You feel yourself slow down.
The orc hits you from afar with a +0 trident.
The hornet stings you!
* * * LOW HITPOINT WARNING * * *
You feel as though you will be slow longer.
You completely miss the hornet. Your headbutt misses the hornet.
The hornet is heavily wounded.
You feel very sick. The orc barely misses you. The hornet stings you.
* * * LOW HITPOINT WARNING * * *
You feel as though you will be slow longer.
The hornet stings you!
* * * LOW HITPOINT WARNING * * *
You feel as though you will be slow longer.
You closely miss the hornet.
The hornet is heavily wounded.
* * * LOW HITPOINT WARNING * * *
You feel very sick. The hornet stings you!
* * * LOW HITPOINT WARNING * * *
You suddenly lose the ability to move!
The hornet stings you!
You die...

#.## #.# ###.# ##...#
## ##..### #. #..## ##
#. ###.##....
#.########.........
#.@.............##[
.......y#######......#
#####.... ########
......# ###....#
######


You could see a hornet.

Vanquished Creatures
  Prince Ribbit (D:5)
  A hornet (D:7)
  Grinder (D:3)
  Sigmund (D:5)
  A shadow (D:6)
  A wyvern (D:6)
  A necrophage (D:6)
  A black bear (D:4)
  2 centaurs
  An ogre (D:5)
  Blork the orc (D:5)
  A bullfrog (D:5)
  3 scorpions
  A wyvern skeleton (D:6)
  A jelly (D:5)
  A bullfrog zombie (D:5)
  5 hounds
  2 orc priests
  2 centaur skeletons (D:7)
  Ijyb (D:4)
  3 iguanas
  A scorpion zombie (D:5)
  3 orc wizards
  A killer bee zombie (D:5)
  Robin (D:4)
  A howler monkey skeleton (D:6)
  2 howler monkey zombies
  6 adders
  A white imp (D:6)
  An adder skeleton (D:4)
  A worm (D:5)
  16 orcs
  5 endoplasms
  3 giant cockroaches
  19 goblins
  5 hobgoblins
  6 jackals (D:5)
  8 kobolds
  5 quokkas
  4 ball pythons
  3 bats
  5 frilled lizards
  6 rats
135 creatures vanquished.

Vanquished Creatures (others)
  5 plants (D:5)
5 creatures vanquished.

Grand Total: 140 creatures vanquished

Notes
Turn   | Place    | Note
-------+----------+-------------------------------------------
     0 | D:1      | RaderH2O the Minotaur Berserker began the quest for the
                  | Orb.
     0 | D:1      | Reached XP level 1. HP: 19/19 MP: 0/0
    94 | D:1      | Reached XP level 2. HP: 4/27 MP: 1/1
   852 | D:1      | Found a faded altar of an unknown god.
  1126 | D:2      | Reached XP level 3. HP: 17/33 MP: 2/2
  1580 | D:2      | Found a white marble altar of Elyvilon.
  2066 | D:3      | Found Sibroyt's General Store.
  2103 | D:3      | Reached ** piety under Trog
  2209 | D:3      | Noticed Grinder
  2257 | D:3      | Reached XP level 4. HP: 41/41 MP: 3/3
  2528 | D:3      | Reached skill level 5 in Polearms
  2811 | D:4      | Reached XP level 5. HP: 27/47 MP: 4/4
  2829 | D:4      | Noticed Robin
  2843 | D:3      | Killed Grinder
  2844 | D:3      | Reached skill level 5 in Fighting
  2844 | D:3      | Reached XP level 6. HP: 30/56 MP: 5/5
  6401 | D:4      | Found a shimmering blue altar of Sif Muna.
  6498 | D:4      | Killed Robin
  6984 | D:4      | Found a transporter.
  6987 | D:4      | Noticed happy's ghost (novice BaNe)
  7096 | D:4      | Reached skill level 5 in Armour
  7323 | D:4      | Noticed Ijyb
  7377 | D:4      | Killed Ijyb
  7378 | D:4      | Reached skill level 1 in Stealth
  7378 | D:4      | Reached XP level 7. HP: 24/61 MP: 6/6
  7916 | D:5      | Entered Level 5 of the Dungeon
  7932 | D:5      | Noticed Blork the orc
  7952 | D:5      | Killed Blork the orc
  8182 | D:5      | Reached skill level 1 in Evocations
  8241 | D:5      | Found a sacrificial altar of Ru.
  8270 | D:5      | Found a glowing silver altar of Zin.
  8283 | D:5      | Found a staircase to the Ecumenical Temple.
  8435 | D:5      | Reached skill level 1 in Unarmed Combat
  8670 | D:5      | Found a hide-covered altar of Uskayaw.
  9103 | D:5      | Reached XP level 8. HP: 36/70 MP: 7/7
  9498 | D:5      | Noticed Prince Ribbit
  9509 | D:5      | Killed Prince Ribbit
  9652 | D:5      | Noticed Sigmund
  9668 | D:5      | Killed Sigmund
  9770 | D:5      | Found a bloodstained altar of Trog.
 10136 | D:6      | Reached skill level 1 in Long Blades
 10169 | D:6      | Found a stormy altar of Qazlal.
 10217 | D:6      | Reached XP level 9. HP: 78/80 MP: 8/8
 10541 | D:6      | Reached *** piety under Trog
 11135 | D:7      | Paralysed by a hornet for 2 turns
 11379 | D:7      | HP: 6/121 [hornet (7)]
 11379 | D:7      | Paralysed by a hornet for 3 turns
 11379 | D:7      | Mangled by a hornet

Illustrated notes

Levels and vault maps discovered:
D:1:      minmay_arrival_open_corners, layout_loops_ring,
          chequers_ecumenical_altar_simple_redux, minmay_tripent
D:2:      layout_basic, basic_altar
D:3:      layout_loops_ring, serial_shops, shop, uniq_grinder
D:4:      layout_loops_ring, led_sif_book, gammafunk_ghost_smash,
          minmay_misc_feat_enclosed, uniq_robin, uniq_ijyb
D:5:      minmay_chambers_of_threes, layout_gridville,
          nicolae_ru_sacrificial_ziggurat,
          mainiacjoe_overflow_concentric_impassable, bloody_trog,
          mainiacjoe_overflow_surrounded_room, temple_statues,
          chequers_big_river, uniq_blork_the_orc, uniq_sigmund,
          uniq_prince_ribbit1
D:6:      layout_gridville, mainiacjoe_overflow_alcove_1
D:7:      layout_rooms, kennysheep_mini_moat, uniq_crazy_yiuf_cottage

Skill      XL: |  1  2  3  4  5  6  7  8  9 |
---------------+----------------------------+-----
Polearms       | 4 5 6 7 8 |  8.8
Fighting       | 4 5 7 8 |  8.0
Armour         | 3 4 5 6 7 8 |  8.0
Dodging        | 3 4 |  4.7
Stealth        | 1 2 |  2.2
Evocations     | 1 |  1.4
Unarmed Combat | 1 |  1.2
Long Blades    | 1 3 |  3.7

Action                   |  1- 3 |  4- 6 |  7- 9 || total
-------------------------+-------+-------+-------++-------
Melee: Spear             |    97 |    95 |   160 ||   352
       Headbutt          |    13 |    17 |    41 ||    71
       Punch             |       |     1 |     1 ||     2
       Unarmed           |       |    28 |       ||    28
       Great sword       |       |       |    41 ||    41
Invok: Berserk           |       |     4 |     5 ||     9
Evoke: Wand              |       |    12 |     1 ||    13
  Use: Scroll            |     6 |     4 |     6 ||    16
Armor: Animal skin       |     2 |       |       ||     2
       Ring mail         |    22 |    25 |    56 ||   103
Dodge: Dodged            |    44 |    45 |   112 ||   201
